 Dungeon Crawl Stone Soup version 0.30-a0-377-g5cb311bc9f (webtiles) character file.

Game seed: 1607258942366412318

9 Shayle the Conjurer (level 2, 22/22 HPs)
             Began as a Demonspawn Reaver on Nov 28, 2022.
             Quit the game on level 1 of the Dungeon.
             The game lasted 00:01:48 (356 turns).

Shayle the Conjurer (Demonspawn Reaver)              Turns: 356, Time: 00:01:48

Health: 22/22      AC:  3    Str: 12    XL:     2   Next: 3%
Magic:  5/5        EV: 11    Int: 14    God:
Gold:   46         SH:  0    Dex: 11    Spells: 4/5 levels left

rFire   + . .      SeeInvis .    a - +0 hand axe
rCold   . . .      Faith    .    (no shield)
rNeg    . . .      Spirit   .    b - +0 leather armour
rPois   .          Reflect  .    (no helmet)
rElec   .          Harm     .    (no cloak)
rCorr   .          Rampage  .    (no gloves)
Will    .....                    (no boots)
Stlth   +.........               (no amulet)
HPRegen 0.23/turn                d - ring of protection from fire
MPRegen 0.09/turn                (no ring)

@: no status effects
A: demonic guardian 1
a: no special abilities


You were on level 1 of the Dungeon.
You visited 1 branch of the dungeon, and saw 1 of its levels.

You collected 46 gold pieces.

Inventory:

Hand Weapons
 a - a +0 hand axe (weapon)
Armour
 b - a +0 leather armour (worn)
Jewellery
 d - a ring of protection from fire (left hand)
Scrolls
 c - 2 scrolls of blinking {unknown}
 e - a scroll of brand weapon {unknown}
 f - a scroll of fog {unknown}
 h - a scroll of identify {unknown}
Potions
 g - a potion of lignification {unknown}


   Skills:
 + Level 2.3 Fighting
 - Level 2.6 Axes
 + Level 0.6 Armour
 - Level 1.7 Dodging
 + Level 0.7 Stealth
 - Level 2.0 Spellcasting
 - Level 3.0 Conjurations


You had 4 spell levels left.
You knew the following spells:

 Your Spells              Type           Power      Damage    Failure   Level
a - Kiss of Death         Conj/Necr      20%        2d7       16%         1

Your spell library contained the following spells:

 Spells                   Type           Power      Damage    Failure   Level
 Momentum Strike          Conj/Tloc      10%        3d8       24%         2
 Hailstorm                Conj/Ice       5%         3d4       43%         3


Dungeon Overview and Level Annotations

Branches:
Dungeon (1/15)

Altars:


Innate Abilities, Weirdness & Mutations

A weak demonic guardian rushes to your aid.


Message History

You hit the ball python.
You kill the ball python!
The hobgoblin hits you.
You hit the hobgoblin.
You kill the hobgoblin!
You miss the frilled lizard. The frilled lizard barely misses you.
The frilled lizard closely misses you.
You closely miss the frilled lizard. The frilled lizard misses you.
You hit the frilled lizard.
You kill the frilled lizard!
You have reached level 2!
Your demonic ancestry asserts itself...
You feel the presence of a demonic guardian.
You see here a frilled lizard corpse.
g - a grey potion You see here a frilled lizard corpse.
You now have 34 gold pieces (gained 2).
c - 2 scrolls labelled PINWUJ GIGEMP (gained 1)
A rat comes into view.
Found 12 gold pieces.
The rat barely misses you.
You see here a scroll labelled TAAROTW COETHRY.
You barely miss the rat. The rat closely misses you.
You hit the rat.
The rat is heavily wounded.
The rat bites you but does no damage.
You closely miss the rat.
The rat is heavily wounded.
The rat barely misses you. x2
You hit the rat.
You kill the rat!
You see here a rat corpse.
Found a cloak.
You see here a rat corpse.
h - a scroll labelled TAAROTW COETHRY You see here a rat corpse.
You now have 46 gold pieces (gained 12).
You start resting.
HP restored.
Are you sure you want to abandon this character and quit the game? (Confirm with "yes".)

............#
#................#
...#...######
#......#..########
####...########......##..#
#.........................>
#...................######.#
#..)................# .#
#............†......#### #
#..............##.......
#############...@.......
#........... #.......####
#.......# #........[
#.......... ...........#
######......#


There were no monsters in sight!

Vanquished Creatures
  A hobgoblin (D:1)
  2 ball pythons (D:1)
  2 frilled lizards (D:1)
  3 goblins (D:1)
  2 rats (D:1)
10 creatures vanquished.

Notes
Turn   | Place    | Note
-------+----------+-------------------------------------------
     0 | D:1      | Shayle the Demonspawn Reaver began the quest for the Orb.
     0 | D:1      | Reached XP level 1. HP: 16/16 MP: 3/3
   296 | D:1      | Gained mutation: A weak demonic guardian rushes to your
                  | aid. [demonic ancestry]
   296 | D:1      | Reached XP level 2. HP: 8/22 MP: 5/5
   356 | D:1      | Quit the game

Illustrated notes

Levels and vault maps discovered:
D:1:      nzn_arrival_crosshair, layout_basic, basic_ecumenical_altar,
          minmay_pentomino_p4

Action                   || total
-------------------------++-------
Melee: Hand axe          ||    27
Armor: Leather armour    ||     7
Dodge: Dodged            ||    17

Table legend: (Time is in decaauts)
 A = Elapsed time spent in this place.
 B = Non-inter-level travel time spent in this place.
 C = Inter-level travel time spent in this place.
 D = Time resting spent in this place.
 E = Time spent auto-exploring this place.
 F = Levels seen in this place.
 G = Mean time per level.
                   A        B        C        D        E       F      G
               +--------+--------+--------+--------+--------+-----+--------+
         Total |    360 |    360 |      0 |     26 |    216 |   1 |  360.0 |
       Dungeon |    360 |    360 |      0 |     26 |    216 |   1 |  360.0 |
               +--------+--------+--------+--------+--------+-----+--------+

Top non-repeatable levels by time:
     D:1: 360 daAuts
